 Dungeon Crawl Stone Soup version 0.14-a0-155-gd989017 (webtiles) character file.

4869 PolkaDot the Grappler (level 10, -1/96 HPs)
             Began as a Troll Death Knight on Oct 5, 2013.
             Was an Elder of Yredelemnul.
             Slain by an unseen horror (8 damage)
             ... on Level 8 of the Dungeon.
             The game lasted 00:30:03 (5452 turns).

PolkaDot the Grappler (Troll Death Knight)          Turns: 5452, Time: 00:30:03

HP  -1/96        AC  5     Str 23      XL: 10   Next: 14%
MP  18/18        EV 10     Int 10      God: Yredelemnul [****..]
Gold 454         SH  0     Dex 13      Spells:  0 memorised,  9 levels left

Res.Fire  : . . .   See Invis. : .     - Unarmed
Res.Cold  : . . .   Warding    : .   b - +0 robe
Life Prot.: . . .   Conserve   : .   (shield restricted)
Res.Poison: .       Res.Corr.  : .   (helmet restricted)
Res.Elec. : .       Clarity    : .   (no cloak)
Sust.Abil.: + .     Spirit.Shd : .   (gloves unavailable)
Res.Mut.  : .       Stasis     : .   (boots unavailable)
Res.Rott. : .       Flight     : .   (no amulet)
Gourmand  : +                        i - ring of sustain abilities {unknown}
                                     r - cursed ring of invisibility

@: somewhat resistant to hostile enchantments, fairly stealthy
A: unfitting armour, claws 3, deterioration 1, fast metabolism 3, gourmand,
regeneration 2, saprovore 2, tough skin 2, AC +1, Int +2, Dex +2
a: Animate Dead, Recall Undead Slaves, Injury Mirror, Drain Life, Renounce
Religion, Evoke Invisibility


You were on level 8 of the Dungeon.
You worshipped Yredelemnul.
Yredelemnul was greatly pleased with you.
You were very full.

You visited 1 branch of the dungeon, and saw 8 of its levels.

You collected 434 gold pieces.

Inventory:

Armour
 b - a +0 robe (worn)
Magical devices
 k - a wand of magic darts (13) {unknown}
 C - a wand of polymorph (5)
 H - a wand of digging (5) {unknown}
Comestibles
 a - 4 meat rations
 f - 3 bread rations
 j - an orange
 n - an apple
 p - 3 pears
 u - 14 sultanas
 v - a sausage
 z - 2 chokos
 F - 2 beef jerkies
 K - 4 chunks of manticore flesh
Scrolls
 c - 10 scrolls of remove curse
 e - a scroll of amnesia
 g - 2 scrolls of magic mapping
 h - 4 scrolls of fear
 E - a scroll of recharging {unknown}
 I - a scroll of immolation {unknown}
 J - a scroll of identify
Jewellery
 i - a ring of sustain abilities (right claw) {unknown}
 o - an uncursed ring of sustenance {unknown}
 r - a cursed ring of invisibility (left claw)
 y - a +4 ring of intelligence
 A - an uncursed ring of protection from magic
Potions
 l - a potion of restore abilities
 m - a potion of heal wounds
 t - a potion of speed
 w - 3 potions of agility
 x - a potion of magic
 D - a potion of brilliance {unknown}
 G - a potion of curing
Books
 s - a book of Power

   Spells                             Type                      Level
   Iskenderun's Mystic Blast          Conjuration                  4
   Venom Bolt                         Conjuration/Poison           5
   Bolt of Magma                      Conjuration/Fire/Earth       5
   Fulminant Prism                    Conjuration/Hexes            5
   Iron Shot                          Conjuration/Earth            6
   Orb of Destruction                 Conjuration                  7


   Skills:
 * Level 6.4 Fighting
 - Level 1.2 Dodging
 + Level 9.1 Unarmed Combat
 * Level 8.9 Invocations


You had 9 spell levels left.
You didn't know any spells.

Dungeon Overview and Level Annotations

Branches:
Dungeon (8/27)             Temple (0/1) D:6
    Orc: D:6-11        Lair: D:8-13

Altars:
Elyvilon
Makhleb
Okawaru
Sif Muna
Trog
Vehumet
the Shining One


Innate Abilities, Weirdness & Mutations

You are too large for most types of armour.
You have claws for hands.
Your metabolism is lightning-fast.
You like to eat raw meat.
You heal very quickly.
You can eat rotten meat.
You are covered in fur (AC +1).
You have very tough skin (AC +2).
You have a somewhat thin skeletal structure (Dex +2, Stlth).
Your mind is acute. (Int +2)
Your body is slowly deteriorating.


Message History

Nothing appears to happen.
It barely misses your flying skull.
Your flying skull hits it.
It closely misses your flying skull.
Your flying skull closely misses it.
Read which item? (? for menu, Esc to quit)
As you read the scroll labeled NAOMIH FINIP, it crumbles to dust.
The scroll dissolves into smoke.
It was a scroll of fog.
It misses your flying skull.
It hits your flying skull but does no damage.
Your flying skull hits it.
You swap places.
It hits you but does no damage.
Your flying skull hits it!
Your flying skull misses it.
It hits you.
You closely miss it. It hits you.
* * * LOW HITPOINT WARNING * * *
You swap places.
It hits you!
* * * LOW HITPOINT WARNING * * *
It hits you!
* * * LOW HITPOINT WARNING * * *
You barely miss it. It hits you!
You die...
Your body rises from the dead as a mindless zombie.

#..## #..z# #.#.......###
##...# #.zz###.#...#...#
...#.# ###z#...#.._....#
>....### #...z>.#...#.#.#
..Z....# #......#.#...#.#
...z...# #...##z#.##..#.#
..zz...# ##.###Z#.##.##
...########.###z#....##.#
...........>§§zz@{..<...#
......#####.###zz§§..####
.#.....# #.# #§§§§#....#
.#.....## #.#......# ...
.#.#.....##.#...#.##
.).........[#..)#.#
..####.....####.#.# ....#
##... #.#.# ....# ##
..#.#


You could see 4 friendly flying skulls, a friendly adder zombie and a friendly
hill giant zombie.

Vanquished Creatures
  A necromancer (D:8)
  A hill giant (D:8)
  The ghost of Drahbeg the Ruinous, an experienced DgWz (D:6)
  The ghost of casual the Chiller, an experienced OpIE (D:5)
  Grinder (D:6)
  2 hippogriffs
  A hill giant skeleton (D:8)
  Menkaure (D:4)
  An orc warrior (D:6)
  An ice beast (D:5)
  A sky beast (D:6)
  An ogre (D:8)
  A phantom (D:7)
  A black bear (D:8)
  A centaur (D:3)
  Blork the orc (D:4)
  3 giant frogs
  A jelly (D:8)
  A goliath beetle (D:6)
  4 crimson imps
  A scorpion (D:8)
  A gnoll shaman (D:4)
  A centaur skeleton (D:8)
  2 orc priests (D:7)
  3 hounds
  An iguana (D:4)
  A quasit (D:7)
  3 worker ants
  8 orc wizards
  Jessica (D:2)
  Terence (D:3)
  A worker ant zombie (D:6)
  2 hound simulacra (D:8)
  11 gnolls
  8 adders
  3 worms
  A giant eyeball (D:6)
  21 orcs
  A sheep simulacrum (D:8)
  10 bats
  5 giant cockroaches
  13 goblins
  11 hobgoblins
  15 jackals
  5 quokkas
  A ball python (D:1)
  7 giant geckos
  2 giant newts (D:3)
  A gnoll zombie (D:7)
  3 hobgoblin skeletons
  11 kobolds
  An orc zombie (D:7)
  14 rats
  A rat simulacrum (D:8)
197 creatures vanquished.

Vanquished Creatures (collateral kills)
  A manticore (D:8)
  An ogre (D:8)
  A giant frog (D:6)
  A jelly (D:8)
  A worker ant (D:8)
  A grizzly bear simulacrum (D:8)
  3 adders
  A gnoll (D:4)
  4 sheep simulacra (D:8)
  3 orcs
  A rat (D:8)
  2 rat simulacra (D:8)
20 creatures vanquished.

Vanquished Creatures (others)
  A human zombie (D:8)
  An ogre zombie (D:8)
  A hound zombie (D:5)
  A bat zombie (D:5)
  A goblin zombie (D:5)
  A kobold zombie (D:7)
  An orc zombie (D:6)
7 creatures vanquished.

Grand Total: 224 creatures vanquished

Notes
Turn   | Place    | Note
--------------------------------------------------------------
     0 | D:1      | PolkaDot, the Troll Death Knight, began the quest for the Orb.
     0 | D:1      | Reached XP level 1. HP: 20/20 MP: 2/2
   198 | D:1      | Reached XP level 2. HP: 26/28 MP: 2/2
   562 | D:1      | Reached skill level 3 in Unarmed Combat
   562 | D:1      | Reached XP level 3. HP: 33/35 MP: 4/4
   762 | D:2      | Noticed Jessica
   768 | D:2      | Killed Jessica
  1554 | D:3      | Found a white marble altar of Elyvilon.
  1588 | D:3      | Reached XP level 4. HP: 44/44 MP: 5/5
  1662 | D:3      | Noticed a centaur
  1671 | D:3      | Killed a centaur
  1671 | D:3      | Reached XP level 5. HP: 32/50 MP: 5/5
  1764 | D:3      | Found a burning altar of Makhleb.
  1858 | D:3      | Reached skill level 4 in Unarmed Combat
  1867 | D:3      | Acquired Yredelemnul's second power
  2019 | D:3      | Noticed Terence
  2033 | D:3      | Killed Terence
  2174 | D:4      | Reached XP level 6. HP: 51/59 MP: 7/7
  2332 | D:4      | Noticed Menkaure
  2334 | D:4      | Noticed Blork the orc
  2336 | D:4      | Killed Menkaure
  2336 | D:4      | Reached skill level 5 in Unarmed Combat
  2344 | D:4      | Killed Blork the orc
  2375 | D:4      | Reached XP level 7. HP: 53/66 MP: 7/9
  2780 | D:5      | Entered Level 5 of the Dungeon
  2881 | D:5      | Noticed casual's ghost (experienced OpIE)
  2898 | D:5      | Killed casual's ghost
  2898 | D:5      | Reached skill level 6 in Unarmed Combat
  2898 | D:5      | Reached skill level 5 in Invocations
  2904 | D:5      | Acquired Yredelemnul's third power
  3397 | D:5      | Found a deep blue altar of Sif Muna.
  3443 | D:6      | Noticed Grinder
  3451 | D:6      | Paralysed by Grinder for 2 turns
  3479 | D:6      | Killed Grinder
  3479 | D:6      | Reached XP level 8. HP: 59/75 MP: 11/11
  3496 | D:6      | Found a staircase to the Ecumenical Temple.
  3548 | D:6      | Reached skill level 7 in Unarmed Combat
  3574 | D:6      | Found a bloodstained altar of Trog.
  3652 | D:6      | Received a gift from Yredelemnul
  3664 | D:6      | Noticed Drahbeg's ghost (experienced DgWz)
  3849 | D:6      | Paralysed by a giant eyeball for 2 turns
  3852 | D:6      | Killed Drahbeg's ghost
  3902 | D:6      | Reached XP level 9. HP: 79/84 MP: 15/15
  3988 | D:6      | Reached skill level 8 in Unarmed Combat
  4230 | D:6      | Found a radiant altar of Vehumet.
  4488 | D:7      | Reached skill level 5 in Fighting
  4576 | D:7      | Gained mutation: Your magical capacity is low (-10% MP). [potion of mutation]
  4576 | D:7      | Gained mutation: You have a somewhat thin skeletal structure (Dex +2, Stlth). [potion of mutation]
  4576 | D:7      | Gained mutation: Your mind is acute. (Int +2) [potion of mutation]
  4577 | D:7      | Lost mutation: Your magical capacity is low (-10% MP). [potion of mutation]
  4577 | D:7      | Gained mutation: Your body is slowly deteriorating. [potion of mutation]
  4699 | D:7      | Acquired Yredelemnul's fourth power
  5017 | D:8      | Noticed a hill giant
  5029 | D:8      | Killed a hill giant
  5034 | D:8      | Found an iron altar of Okawaru.
  5089 | D:8      | Noticed a necromancer
  5096 | D:8      | Killed a necromancer
  5096 | D:8      | Reached skill level 9 in Unarmed Combat
  5131 | D:8      | Reached XP level 10. HP: 15/94 MP: 18/18
  5267 | D:8      | Received a gift from Yredelemnul
  5389 | D:8      | Found a glowing golden altar of the Shining One.
  5452 | D:8      | Slain by an unseen horror

Action                   |  1- 3 |  4- 6 |  7- 9 | 10-12 || total
-------------------------+-------+-------+-------+-------++-------
Melee: Unarmed           |   110 |   112 |   362 |    46 ||   630
Invok: Animate Remains   |     5 |     6 |     8 |       ||    19
       Animate Dead      |       |       |    22 |     1 ||    23
Evoke: Wand              |       |       |     2 |       ||     2
  Use: Scroll            |       |       |    16 |     3 ||    19
       Potion            |       |       |    10 |       ||    10
 Stab: Sleeping          |       |       |     1 |       ||     1
       Distracted        |       |       |       |     1 ||     1
